 Dungeon Crawl Stone Soup version 0.18.1-50-g88ac8fd (webtiles) character file.

14686 Amnesiac the Nimble (level 11, -8/67 HPs)
             Began as a Deep Elf Fighter on Feb 28, 2018.
             Was a High Priest of Pakellas.
             Mangled by a sun demon (9 damage)
             ... on level 2 of the Orcish Mines.
             The game lasted 00:48:41 (14218 turns).

Amnesiac the Nimble (Deep Elf Fighter)             Turns: 14218, Time: 00:48:41

Health: -8/67      AC: 26    Str: 26    XL:     11   Next: 92%
Magic:  3/28       EV: 11    Int: 19    God:    Pakellas [*****.]
Gold:   994        SH: 10    Dex: 18    Spells: 4 memorised, 0 levels left

rFire  + . .     SeeInvis +     w - +8 broad axe of Fixation {speed, +Blink Int+5 SInv}
rCold  + . .     Gourm    .     E - +6 plate armour of Ru's Pride {*Drain MR+ Str+8}
rNeg   + . .     Faith    .     c - +0 shield
rPois  +         Spirit   .     n - +2 helmet of Caci {rElec MP+9 Str+2}
rElec  +         Dismiss  .     (no cloak)
rCorr  .         Reflect  .     v - +0 pair of gloves
SustAt .         Harm     .     L - +0 pair of boots
MR     ++++.                    X - amulet "Weisasicko" {+Rage rPois Dex+4 SInv}
Stlth  ..........               G - ring of Symmetry {rF+ rC+ rN+ MR+}
                                r - ring of protection from magic

@: incredibly resistant to hostile enchantments, extremely unstealthy
A: no striking features
a: Quick Charge, Device Surge, Renounce Religion, Evoke Blink, Evoke Berserk
Rage


You were on level 2 of the Orcish Mines.
You worshipped Pakellas.
Pakellas was extremely pleased with you.
You were not hungry.

You visited 3 branches of the dungeon, and saw 12 of its levels.
You also visited: Labyrinth.

You collected 1043 gold pieces.
You spent 49 gold pieces at shops.

Inventory:

Hand Weapons
 a - a +1 short sword of venom
 b - a +0 blowgun
 w - the +8 broad axe of Fixation (weapon) {speed, +Blink Int+5 SInv}
   (You found it in a labyrinth)

   Attacks with this weapon are significantly faster.
   It affects your intelligence (+5).
   It lets you see invisible.
   It lets you blink.
 T - a +2 scimitar of flaming
Missiles
 k - 43 poisoned needles
 m - 266 stones (quivered)
 x - 8 curare-tipped needles
 J - 23 sling bullets
Armour
 c - a +0 shield (worn)
 n - the +2 helmet of Caci (worn) {rElec MP+9 Str+2}
   (You found it in a labyrinth)

   It affects your strength (+2).
   It insulates you from electricity.
   It affects your magic capacity (+9).
 v - a +0 pair of gloves (worn)
 E - the +6 plate armour of Ru's Pride (worn) {*Drain MR+ Str+8}
   (You found it on level 7 of the Dungeon)

   It affects your strength (+8).
   It affects your resistance to hostile enchantments.
   It causes draining when unequipped.
 L - a +0 pair of boots (worn)
Magical Staves
 H - an uncursed staff of death
Rods
 t - a +8 rod of ignition (5/12)
   (You took it off a minotaur in a labyrinth)
Jewellery
 r - a ring of protection from magic (left hand)
 C - an uncursed ring of sustain attributes
 F - an uncursed ring of fire
 G - the ring of Symmetry (right hand) {rF+ rC+ rN+ MR+}
   (You took it off a minotaur in a labyrinth)

   [ring of positive energy]

   It protects you from fire.
   It protects you from cold.
   It protects you from negative energy.
   It affects your resistance to hostile enchantments.
 X - the amulet "Weisasicko" (around neck) {+Rage rPois Dex+4 SInv}
   (You found it in a labyrinth)

   [amulet of rage]

   It affects your dexterity (+4).
   It protects you from poison.
   It lets you see invisible.
   It lets you go berserk.
Wands
 g - a wand of flame (7/48)
 y - a wand of slowing (21/48)
 A - a wand of polymorph (3/24)
 D - a wand of heal wounds (5/9)
 I - a wand of acid (1/15)
 Q - a wand of confusion (6/48)
 V - a wand of iceblast (9/15)
 Z - a wand of flame (23/48)
Scrolls
 e - 2 scrolls of fear {!r}
 i - 4 scrolls of identify {!r}
 l - a scroll of amnesia {!r}
 q - a scroll of magic mapping {!r}
 s - 6 scrolls of remove curse {!r}
 B - a scroll of enchant weapon {!r}
 K - a scroll of vulnerability {!r}
 P - a scroll of blinking {!r}
Potions
 d - 3 potions of might {!q}
 o - a potion of flight {!q}
 p - a potion of curing {!q}
 M - 2 potions of magic {!q}
 U - a potion of heal wounds {!q}
Miscellaneous
 O - a fan of gales
Comestibles
 j - 12 fruits
 z - 2 meat rations


   Skills:
 - Level 7.0 Fighting
 - Level 8.1 Short Blades
 - Level 10.0 Armour
 + Level 10.2 Dodging
 - Level 2.5 Shields
 - Level 8.0 Evocations


You couldn't memorise any spells.
You knew the following spells:

 Your Spells              Type           Power        Failure   Level  Hunger
a - Apportation           Tloc           #.........   100%        1    ##.....
b - Spectral Weapon       Hex/Chrm       #.......     100%        3    ####...
c - Passage of Golubria   Tloc           N/A          100%        4    #####..
v - Blink                 Tloc           N/A          100%        2    ###....


Dungeon Overview and Level Annotations

Branches:
Dungeon (9/15)             Temple (1/1) D:5            Lair (0/8) D:9
    Orc (2/2) D:9             Elf (0/3) Orc:2

Altars:
Ashenzari
Cheibriados
Dithmenos
Elyvilon
Fedhas
Gozag
Kikubaaqudgha
Makhleb
Nemelex Xobeh
Okawaru
Pakellas
Qazlal
Ru
Sif Muna
Trog
Vehumet
Xom
Yredelemnul
Zin
The Shining One
Beogh

Shops:
Orc:2 ?*

Annotations:
D:9 magog001's ghost, journeyman MiFi
Orc:1 Snorg
Orc:2 exclusion: upstairs


Message History

You kill the orc sorcerer!
Pakellas accepts your kill.
You feel your power returning.
This wand has 7 charges left.
The orc knight roars a battlecry!
The orc warrior goes into a battle-frenzy!
Eat which item? (? for menu, Esc to quit)
That beef jerky was delicious!
The orc high priest calls upon Beogh to heal the orc warrior.
The orc warrior is healed somewhat.
Things that are here:
a flail; a leather armour
Things that are here:
a dagger; a scale mail
Items here: ))))) [[[[ Evoke which item? (* to show all) (? for menu, Esc to quit)
Okay, then.
The orc knight roars a battlecry!
The orc warrior goes into a battle-frenzy!
Things that are here:
a hand axe; a leather armour Charge which item? (? for menu, Esc to quit)
Your wand of acid (0/15) glows for a moment and now has 1 charge.
You are feeling hungry.
You block the orc knight's attack.
Wield which item (- for none, * to show all)? (? for menu, Esc to quit)
Your hands tingle!
w - the +8 broad axe of Fixation (weapon)
{speed, +Blink Int+5 SInv}
Okay, then.
Eat which item? (? for menu, Esc to quit)
Okay, then.
The sun demon hits you!
You are engulfed in flames!
You resist.
You see here a flail.
Things that are here:
a flail; a ring mail The orc high priest prays to Beogh.
Items here: )) [[ a hand axe; a leather armour; a dagger; a leather armour You see here a dagger.
Things that are here:
a club; a flail of protection; a chain mail Eat which item? (? for menu, Esc to quit)
The sun demon hits you!!
* * * LOW HITPOINT WARNING * * *
You are engulfed in flames.
You resist.
* * * LOW HITPOINT WARNING * * *
The sun demon hits you but does no damage.
That choko was very bland.
You see here a club.
The orc knight roars a battlecry!
The orc warrior goes into a battle-frenzy!
Things that are here:
a great mace; a chain mail
Things that are here:
a glaive; a plate armour The orc high priest mumbles some strange prayers to Beogh against you.
Beogh smites you!
* * * LOW HITPOINT WARNING * * *
Things that are here:
a club; a leather armour The sun demon hits you!
* * * LOW HITPOINT WARNING * * *
You are engulfed in flames!
You resist.
You die...
Pakellas says: That's one more possible approach eliminated.

#.........##....._.)..
#####.#..#..##.......[.[.
##.##.##.#................
#.........#...............
##.##...........#....#....
###.........).)...........
##...........)<.)..........
#.....##.........#.........
##.#...###@#....).#........
####.#.#o3#...............
##.#.)..###......<.......
##....o)######..........#.
##......###.###.......)....
#......###∩.∩###.......)...
##..).###.....###......)... #
#..o.###..#.#..####........ #
######..###.........###........


You could see an orc knight, an orc high priest, a sun demon and an orc warrior.

Vanquished Creatures
  A minotaur (Lab)
  Erolcha (D:8)
  Erica (D:9)
  A soul eater (Orc:2)
  3 orc knights
  2 orc sorcerers (Orc:2)
  A sixfirhy (Orc:2)
  A smoke demon (Orc:2)
  Psyche (D:8)
  A red devil (Orc:2)
  An ice devil (Orc:2)
  A troll (D:7)
  2 minotaur skeletons (Lab)
  Sigmund (D:6)
  A redback (Lab)
  2 basilisks (Lab)
  2 hungry ghosts (Lab)
  A warg (Orc:1)
  A naga (D:6)
  Edmund (D:4)
  Duvessa (D:7)
  2 hell hounds (D:9)
  22 orc warriors
  3 sky beasts
  2 black bears
  An ice beast (D:9)
  4 ogres
  2 phantoms
  A necrophage (D:9)
  A big kobold (D:9)
  5 giant frogs
  Dowan (D:7)
  5 scorpions
  5 killer bees
  A water moccasin skeleton (D:8)
  7 howler monkeys
  6 crimson imps
  The ghost of Amnesiac the Charlatan, a weakling DEAr (D:4)
  A quasit (D:9)
  4 hounds
  2 centaur zombies (D:4)
  2 giant frog skeletons (D:4)
  16 orc priests
  12 orc wizards
  A centaur skeleton (D:8)
  An iguana (D:8)
  6 worker ants
  2 hound zombies
  A hound skeleton (D:4)
  A howler monkey zombie (D:4)
  A worker ant zombie (D:4)
  10 gnolls
  A howler monkey skeleton (D:4)
  9 adders
  3 shadow imps
  An ooze (D:2)
  An adder skeleton (D:5)
  3 adder zombies
  6 worms
  2 dart slugs
  7 giant geckos
  48 orcs
  3 giant cockroaches
  6 goblins
  6 hobgoblins
  12 jackals
  22 kobolds
  6 quokkas
  A ball python (D:1)
  A ball python zombie (D:4)
  3 bats
  2 giant gecko skeletons
  2 giant gecko zombies (D:4)
  3 giant newts
  2 jackal zombies (D:4)
  7 rats
313 creatures vanquished.

Vanquished Creatures (collateral kills)
  An orc wizard (D:9)
1 creature vanquished.

Vanquished Creatures (others)
  An orc warrior (Orc:2)
  A giant gecko (D:1)
2 creatures vanquished.

Grand Total: 316 creatures vanquished

Notes
Turn   | Place    | Note
--------------------------------------------------------------
     0 | D:1      | Amnesiac the Deep Elf Fighter began the quest for the Orb.
     0 | D:1      | Reached XP level 1. HP: 13/13 MP: 3/3
   255 | D:2      | Reached XP level 2. HP: 18/18 MP: 4/4
   453 | D:2      | Found a stormy altar of Qazlal.
   768 | D:2      | Reached XP level 3. HP: 10/22 MP: 5/5
  1027 | D:3      | HP: 1/23 [poisoned by an orc]
  1463 | D:3      | Reached XP level 4. HP: 28/28 MP: 6/6
  1517 | D:3      | Found a snail-covered altar of Cheibriados.
  1766 | D:3      | Found a burning altar of Makhleb.
  1766 | D:3      | Found a bloodstained altar of Trog.
  2061 | D:4      | Reached XP level 5. HP: 23/33 MP: 7/7
  2085 | D:4      | Noticed Amnesiac's ghost (weakling DEAr)
  2218 | D:4      | Killed Amnesiac's ghost
  2239 | D:4      | Noticed Edmund
  2266 | D:4      | Killed Edmund
  2266 | D:4      | Reached XP level 6. HP: 16/38 MP: 8/8
  3093 | D:4      | Reached skill level 5 in Fighting
  3093 | D:4      | Reached XP level 7. HP: 34/44 MP: 9/9
  3368 | D:4      | Reached skill level 5 in Armour
  3479 | D:5      | Entered Level 5 of the Dungeon
  3627 | D:5      | Found a staircase to the Ecumenical Temple.
  3640 | Temple   | Entered the Ecumenical Temple
  3876 | Temple   | Became a worshipper of Pakellas the Inventive
  3927 | D:5      | Reached skill level 1 in Dodging
  4259 | D:1      | Reached * piety under Pakellas
  4259 | D:1      | Received a gift from Pakellas
  4990 | D:2      | Found a radiant altar of Vehumet.
  5131 | D:2      | Reached skill level 1 in Evocations
  5656 | D:3      | Reached ** piety under Pakellas
  5656 | D:3      | Received a gift from Pakellas
  5952 | D:5      | Found an ancient bone altar of Kikubaaqudgha.
  6105 | D:5      | Reached XP level 8. HP: 30/49 MP: 11/13
  6407 | D:6      | Reached skill level 5 in Evocations
  6569 | D:6      | Noticed Sigmund
  6585 | D:6      | Killed Sigmund
  6821 | D:6      | Found a sparkling altar of Nemelex Xobeh.
  6960 | D:6      | Found a deep blue altar of Sif Muna.
  7573 | D:7      | Got a spiked plate armour
  7605 | D:7      | Identified the +6 plate armour of Ru's Pride {*Drain MR+ Str+8} (You found it on level 7 of the Dungeon)
  7667 | D:7      | Reached *** piety under Pakellas
  7667 | D:7      | Received a gift from Pakellas
  7882 | D:6      | Reached XP level 9. HP: 36/55 MP: 15/15
  7887 | D:6      | Gained mutation: You have a pair of small horns on your head. [mutagenic meat]
  7888 | D:6      | Lost mutation: You have a pair of small horns on your head. [mutagenic meat]
  8198 | D:7      | Gained mutation: You have a pair of small antennae on your head. [mutagenic meat]
  8200 | D:7      | Gained mutation: You occasionally shout uncontrollably at your foes. [mutagenic meat]
  8201 | D:7      | Gained mutation: Your flesh is cold resistant. [mutagenic meat]
  8202 | D:7      | Gained mutation: You are frail (-10% HP). [mutagenic meat]
  8219 | D:7      | Noticed Duvessa
  8220 | D:7      | Noticed Dowan
  8240 | D:7      | Killed Duvessa
  8246 | D:7      | Killed Dowan
  8327 | D:7      | Found a shattered altar of Ashenzari.
  8600 | D:7      | Noticed a troll
  8610 | D:7      | Killed a troll
  8921 | D:8      | Reached **** piety under Pakellas
  8921 | D:8      | Received a gift from Pakellas
  9033 | D:8      | Noticed Psyche
  9036 | D:8      | Killed Psyche
  9352 | D:8      | Noticed Erolcha
  9356 | D:8      | Killed Erolcha
  9356 | D:8      | Reached XP level 10. HP: 54/54 MP: 16/16
  9436 | D:8      | Reached skill level 10 in Armour
  9684 | D:9      | Found a staircase to the Lair.
 10048 | D:9      | Reached ***** piety under Pakellas
 10048 | D:9      | Received a gift from Pakellas
 10052 | D:9      | Identified a +2 rod of ignition (10/10) (Pakellas gifted it to you on level 9 of the Dungeon)
 10115 | D:9      | Noticed magog001's ghost (journeyman MiFi)
 10239 | D:9      | Noticed Erica
 10722 | D:9      | Killed Erica
 10722 | D:9      | Reached skill level 5 in Short Blades
 10796 | D:9      | Found a staircase to the Orcish Mines.
 11056 | Orc:1    | Entered Level 1 of the Orcish Mines
 11056 | Orc:1    | Noticed an orc knight
 11106 | Orc:1    | HP: 2/54 [orc priest/divine providence (13)]
 11207 | Orc:1    | Killed an orc knight
 11287 | Orc:2    | Entered Level 2 of the Orcish Mines
 11290 | Orc:2    | Found a roughly hewn altar of Beogh.
 11331 | Orc:2    | Found a labyrinth entrance.
 11359 | Orc:2    | Noticed an orc knight
 11387 | Lab      | Entered a labyrinth
 11674 | Lab      | Lost mutation: Your flesh is cold resistant. [potion of cure mutation]
 11674 | Lab      | Lost mutation: You are frail (-10% HP). [potion of cure mutation]
 11674 | Lab      | Lost mutation: You occasionally shout uncontrollably at your foes. [potion of cure mutation]
 11674 | Lab      | Lost mutation: You have a pair of small antennae on your head. [potion of cure mutation]
 11780 | Lab      | Reached XP level 11. HP: 60/64 MP: 6/19
 12079 | Lab      | Noticed a minotaur
 12113 | Lab      | Killed a minotaur
 12149 | Lab      | Got a faintly glowing golden ring
 12178 | Lab      | Got a sapphire broad axe
 12178 | Lab      | Identified the Handbook of Aid and the Frostbite
 12178 | Lab      | Got a flickering silver amulet
 12189 | Lab      | Identified the ring of Symmetry {rF+ rC+ rN+ MR+} (You took it off a minotaur in a labyrinth)
 12191 | Lab      | Identified the +8 broad axe of Fixation {speed, +Blink Int+5 SInv} (You found it in a labyrinth)
 12199 | Lab      | Learned a level 2 spell: Blink
 12201 | Lab      | Learned a level 1 spell: Apportation
 12205 | Lab      | Learned a level 3 spell: Spectral Weapon
 12207 | Lab      | Identified the amulet "Weisasicko" {+Rage rPois Dex+4 SInv} (You found it in a labyrinth)
 12213 | Lab      | Identified a +6 rod of ignition (10/10) (You took it off a minotaur in a labyrinth)
 12217 | Lab      | Got a faintly glowing helmet
 12231 | Orc:2    | Reached skill level 5 in Dodging
 12295 | Orc:1    | Identified the +2 helmet of Caci {rElec MP+9 Str+2} (You found it in a labyrinth)
 12455 | Orc:2    | Killed an orc knight
 12656 | Orc:1    | Noticed Snorg
 12911 | Orc:2    | Learned a level 4 spell: Passage of Golubria
 13054 | Orc:2    | Noticed an orc knight
 13077 | Orc:2    | Killed an orc knight
 13210 | Orc:2    | Found Qogaschofiu's Magic Scroll Boutique.
 13212 | Orc:2    | Found Guloz's General Store.
 13525 | Orc:2    | Bought a scroll of magic mapping for 49 gold pieces
 13734 | Orc:2    | Noticed a soul eater
 13751 | Orc:2    | Killed a soul eater
 13849 | Orc:2    | Noticed an orc sorcerer
 13851 | Orc:2    | Found a staircase to the Elven Halls.
 13855 | Orc:2    | Killed an orc sorcerer
 14174 | Orc:2    | Noticed a sun demon
 14176 | Orc:2    | Noticed an orc sorcerer
 14177 | Orc:2    | Noticed an orc high priest
 14177 | Orc:2    | Noticed an orc knight
 14178 | Orc:2    | Reached skill level 10 in Dodging
 14180 | Orc:2    | Killed an orc sorcerer
 14218 | Orc:2    | HP: 1/67 [sun demon (15)]
 14218 | Orc:2    | Mangled by a sun demon

Skill      XL: |  1  2  3  4  5  6  7  8  9 10 11 |
---------------+----------------------------------+-----
Armour         | 3 4 5 6 9 10 | 10.0
Fighting       | 3 4 5 6 7 |  7.0
Dodging        | 2 10 | 10.2
Evocations     | 4 6 8 |  8.0
Short Blades   | 7 8 |  8.1
Shields        | |  2.5

Action                   |  1- 3 |  4- 6 |  7- 9 | 10-12 || total
-------------------------+-------+-------+-------+-------++-------
Melee: Rapier            |   127 |       |       |       ||   127
       Unarmed           |     6 |       |       |       ||     6
       Short sword       |    14 |   261 |   706 |   430 ||  1411
       Dagger            |       |       |    26 |    12 ||    38
       Broad axe         |       |       |       |    17 ||    17
 Fire: Blowgun           |       |       |       |     6 ||     6
Throw: Stone             |       |       |       |     2 ||     2
Invok: Quick Charge      |       |       |       |    10 ||    10
Evoke: Wand              |       |       |    15 |    85 ||   100
       Phantom mirror    |       |       |     1 |       ||     1
       Rod               |       |       |       |    24 ||    24
       Fan of gales      |       |       |       |     1 ||     1
  Use: Potion            |     3 |       |     5 |    11 ||    19
       Scroll            |       |     3 |     1 |    13 ||    17
 Stab: Invisible         |       |       |     3 |       ||     3
       Confused          |       |       |       |    20 ||    20
  Eat: Chunk             |     1 |     5 |    27 |    14 ||    47
       Fruit             |       |       |     4 |     1 ||     5
       Bread ration      |       |       |       |     2 ||     2
       Beef jerky        |       |       |       |     2 ||     2
       Royal jelly       |       |       |       |     1 ||     1
       Pizza             |       |       |       |     2 ||     2
Armor: Scale mail        |    28 |       |       |       ||    28
       Skin              |    15 |       |       |       ||    15
       Chain mail        |    24 |   175 |   201 |       ||   400
       Plate armour      |       |       |   214 |   259 ||   473
Dodge: Dodged            |    22 |    42 |   146 |   113 ||   323
Block: Shield            |    71 |   125 |   339 |   208 ||   743
